 Dungeon Crawl Stone Soup version 0.27-a0-1137-g3ef0f4ec91 (webtiles) character file.

Game seed: 4239658020591526341

459 kae the Slasher (level 6, -4/47 HPs)
             Began as a Demonspawn Abyssal Knight on May 6, 2021.
             Was a Believer of Lugonu.
             Slain by a gnoll
             ... wielding a +0 flail
              (7 damage)
             ... on level 5 of the Dungeon.
             The game lasted 00:03:53 (5591 turns).

kae the Slasher (Demonspawn Abyssal Knight)         Turns: 5591, Time: 00:03:53

Health: -4/47      AC: 10    Str: 21    XL:     6   Next: 78%
Magic:  7/7        EV: 11    Int: 13    God:    Lugonu [**....]
Gold:   63         SH:  0    Dex: 12    Spells: 5/5 levels left

rFire    . . .     SeeInvis .   a - +1 falchion
rCold    . . .     Faith    .   (no shield)
rNeg     . . .     Spirit   .   b - +1 leather armour
rPois    .         Reflect  .   (no helmet)
rElec    .         Harm     .   (no cloak)
rCorr    +         Rampage  .   (no gloves)
Will     .....                  (no boots)
Stlth    +.........             (no amulet)
HPRegen  0.15/turn              d - ring of resist corrosion
MPRegen  0.10/turn              n - +6 ring of strength

@: sanguine armoured
A: foul stench 1, powered by death 1, sanguine armour 1
a: Renounce Religion, Depart the Abyss, Bend Space


You were on level 5 of the Dungeon.
You worshipped Lugonu.
Lugonu was pleased with you.
You visited 1 branch of the dungeon, and saw 5 of its levels.
You visited the Abyss 1 time.

You collected 148 gold pieces.
You spent 85 gold pieces at shops.

Inventory:

Hand Weapons
 a - a +1 falchion (weapon)
Armour
 b - a +1 leather armour (worn)
 t - a +0 cloak of poison resistance
Jewellery
 d - a ring of resist corrosion (left hand)
 n - a +6 ring of strength (right hand)
Wands
 p - a wand of flame (13)
Scrolls
 h - 2 scrolls of enchant armour
 k - 2 scrolls of teleportation
 q - a scroll of fear {unknown}
 r - a scroll of vulnerability {unknown}
 s - a scroll of identify {unknown}
Potions
 c - a potion of attraction {unknown}
 e - a potion of heal wounds {unknown}
 f - 6 potions of curing {unknown}
 g - 2 potions of resistance {unknown}
 i - a potion of brilliance {unknown}
 j - a potion of degeneration {unknown}
 l - a potion of lignification {unknown}
 m - a potion of ambrosia {unknown}
 o - 2 potions of flight {unknown}


   Skills:
 - Level 3.0 Fighting
 + Level 6.7 Long Blades
 - Level 1.7 Armour
 - Level 0.8 Dodging
 - Level 2.4 Invocations


You had 5 spell levels left.
You didn't know any spells.
Your spell library contained the following spells:

 Spells                   Type           Power      Damage    Failure   Level
 Magic Dart               Conj           0%         1d3       34%         1
 Summon Small Mammal      Summ           0%         N/A       34%         1
 Call Imp                 Summ           0%         N/A       47%         2
 Searing Ray              Conj           0%         3d3       47%         2
 Call Canine Familiar     Summ           0%         N/A       71%         3
 Dazzling Flash           Conj/Hex       0%         N/A       71%         3
 Summon Guardian Golem    Hex/Summ       0%         N/A       71%         3
 Fulminant Prism          Conj/Hex       0%         3d6       98%         4
 Iskenderun's Mystic Bla  Conj/Tloc      0%         2d3       98%         4
 Summon Ice Beast         Ice/Summ       0%         N/A       98%         4
 Summon Lightning Spire   Summ/Air       0%         N/A       98%         4


Dungeon Overview and Level Annotations

Branches:
Dungeon (5/15)             Temple (0/1) D:4

Altars:
Ru

Shops:
D:1 [   D:2 (   D:3 =

Annotations:
D:2 1 runed translucent door, Crazy Yiuf


Innate Abilities, Weirdness & Mutations

You may rarely emit foul miasma when damaged in melee.
You regenerate a little health from kills.
When seriously injured, your bleeding wounds create armour. (AC +6)


Message History

No target in view!
No target in view!
No target in view!
No target in view!
Your blood armour dries and flakes away.
A gnoll comes into view. It is wielding a +0 flail.
A gnoll is nearby!
A gnoll is nearby!
Aiming: Throw Flame
Press: ? - help, Shift-Dir - straight line, f - gnoll
Aim: a gnoll, wielding a +0 flail (wandering, hasn't noticed you, 72% to hit)
The puff of flame hits the gnoll.
The gnoll is moderately wounded.
You start resting.
A gnoll is nearby!
You hit the gnoll.
The gnoll is moderately wounded.
The gnoll hits you with a +0 flail!
Your blood congeals into armour.
You hit the gnoll.
The gnoll is severely wounded.
The gnoll hits you but does no damage.
You hit the gnoll.
The gnoll is severely wounded.
The gnoll hits you with a +0 flail.
You barely miss the gnoll.
The gnoll is severely wounded.
The gnoll hits you with a +0 flail!
* * * LOW HITPOINT WARNING * * *
You barely miss the gnoll.
The gnoll is severely wounded.
The gnoll hits you with a +0 flail!
* * * LOW HITPOINT WARNING * * *
You closely miss the gnoll.
The gnoll is severely wounded.
The gnoll hits you with a +0 flail.
* * * LOW HITPOINT WARNING * * *
You hit the gnoll but do no damage.
The gnoll is severely wounded.
The gnoll hits you with a +0 flail!
You die...

#####
#...#####.
##.........
##...#####.
####.#..#
#...###.#
#.##.#.@#
#.# #.#g#
#.#
#.#.)......
#.# #
####...g.
#.# $...
#.# ... #.#
.# #.# #
#.#


You could see a gnoll.

Vanquished Creatures
  An ogre (D:5)
  A centaur zombie (D:3)
  A jelly (D:4)
  A centaur skeleton (D:2)
  An orc priest (D:4)
  2 iguanas (D:4)
  2 orc wizards
  A hound skeleton (D:4)
  3 adders
  2 worms (D:3)
  A dart slug (D:4)
  7 orcs
  5 endoplasms
  7 giant cockroaches
  9 goblins
  6 hobgoblins
  13 jackals
  9 ball pythons
  5 bats
  4 frilled lizards
  6 kobolds
  6 rats
  A bush (D:1)
94 creatures vanquished.

Vanquished Creatures (others)
  A fungus (D:1)
  10 plants (D:1)
11 creatures vanquished.

Grand Total: 105 creatures vanquished

Notes
Turn   | Place    | Note
-------+----------+-------------------------------------------
     0 | Abyss:1  | kae the Demonspawn Abyssal Knight began the quest for the
                  | Orb.
     0 | Abyss:1  | Reached XP level 1. HP: 18/18 MP: 2/2
    50 | Abyss:1  | Noticed an orange demon
    53 | Abyss:1  | Noticed a ynoxinul
    54 | Abyss:1  | Noticed a ynoxinul
    56 | D:1      | Escaped the Abyss
   181 | D:1      | Reached skill level 2 in Long Blades
   275 | D:1      | Gained mutation: When seriously injured, your bleeding
                  | wounds create armour. (AC +6) [demonic ancestry]
   275 | D:1      | Reached XP level 2. HP: 20/24 MP: 3/3
   450 | D:1      | Found Tyfuj's Armour Shoppe.
   484 | D:1      | Found a faded altar of an unknown god.
  1500 | D:2      | Reached skill level 3 in Long Blades
  1500 | D:2      | Gained mutation: You regenerate a little health from kills.
                  | [demonic ancestry]
  1500 | D:2      | Reached XP level 3. HP: 18/29 MP: 4/4
  1590 | D:2      | Reached * piety under Lugonu
  1792 | D:2      | Found a runed translucent door.
  1793 | D:2      | Noticed Crazy Yiuf
  1830 | D:2      | Reached XP level 4. HP: 35/35 MP: 5/5
  1843 | D:2      | Reached skill level 4 in Long Blades
  2053 | D:2      | Found Hoonn's Weapon Shop.
  2520 | D:3      | Found Upsy's Jewellery Emporium.
  2976 | D:3      | Found a sacrificial altar of Ru.
  2996 | D:3      | Gained mutation: You may rarely emit foul miasma when
                  | damaged in melee. [demonic ancestry]
  2996 | D:3      | Reached XP level 5. HP: 23/41 MP: 6/6
  3003 | D:3      | Reached skill level 5 in Long Blades
  3526 | D:3      | Reached ** piety under Lugonu
  3866 | D:4      | Found a staircase to the Ecumenical Temple.
  4365 | D:4      | Reached XP level 6. HP: 22/47 MP: 7/7
  4576 | D:4      | Reached skill level 6 in Long Blades
  5413 | D:1      | Bought a +0 cloak of poison resistance for 85 gold pieces
  5502 | D:5      | Entered Level 5 of the Dungeon
  5591 | D:5      | Slain by a gnoll

Illustrated notes

Levels and vault maps discovered:
D:1:      lemuel_arrival_room, layout_loops_ring, serial_shops, shop_statue,
          serial_forest, infiniplex_forest_join, infiniplex_forest_clump_double,
          infiniplex_forest_lined_1, infiniplex_forest_end_1,
          infiniplex_forest_clump_long, infiniplex_forest_lined_room_2,
          shapermc_ecumenical_altar_mp_urbaneastern
D:2:      layout_rooms, serial_shops, shop, uniq_crazy_yiuf_cottage
D:3:      layout_loops_cross, nicolae_ru_great_annihilating_truth, serial_shops,
          nicolae_shop_trees
D:4:      layout_gridville, minmay_temple_entry_mist, palyth_stone_intersect
D:5:      layout_loops_ring

Skill      XL: |  1  2  3  4  5  6 |
---------------+-------------------+-----
Long Blades    | 2 3 4 5 6 |  6.7
Fighting       | |  3.0
Armour         | |  1.7
Dodging        | |  0.8
Invocations    | |  2.4

Action                   |  1- 3 |  4- 6 || total
-------------------------+-------+-------++-------
Melee: Falchion          |   226 |   277 ||   503
Invok: Depart the Abyss  |     1 |       ||     1
Evoke: Wand              |       |     4 ||     4
  Use: Scroll            |     5 |     3 ||     8
 Stab: Paralysed         |       |     1 ||     1
       Sleeping          |       |     1 ||     1
Armor: Leather armour    |    30 |   104 ||   134
Dodge: Dodged            |    58 |   151 ||   209
       Rpst.: Falchion   |    21 |    47 ||    68

Table legend: (Time is in decaauts)
 A = Elapsed time spent in this place.
 B = Non-inter-level travel time spent in this place.
 C = Inter-level travel time spent in this place.
 D = Time resting spent in this place.
 E = Time spent auto-exploring this place.
 F = Levels seen in this place.
 G = Mean time per level.
                   A        B        C        D        E       F      G
               +--------+--------+--------+--------+--------+-----+--------+
         Total |   5647 |   5374 |    273 |     67 |   4362 |   6 |  941.2 |
       Dungeon |   5591 |   5318 |    273 |     67 |   4315 |   5 | 1118.2 |
         Abyss |     56 |     56 |      0 |      0 |     47 |   1 |   56.0 |
               +--------+--------+--------+--------+--------+-----+--------+

Top non-repeatable levels by time:
     D:1: 1670 daAuts
     D:4: 1585 daAuts
     D:3: 1559 daAuts
     D:2: 687 daAuts
     D:5: 88 daAuts
 Abyss:1: 56 daAuts
